 Dungeon Crawl Stone Soup version 0.28-a0-793-g31680bbd8b (webtiles) character file.

Game seed: 6356848901089013827

646 gimp the Chopper (level 7, 0/52 HPs)
             Began as a Demonspawn Cinder Acolyte on Nov 3, 2021.
             Was a High Priest of Ignis.
             Slain by a hound (1 damage)
             ... on level 4 of the Dungeon.
             The game lasted 00:04:27 (3863 turns).

gimp the Chopper (Demonspawn Cinder Acolyte)        Turns: 3863, Time: 00:04:28

Health: 0/52       AC:  9    Str: 16    XL:     7   Next: 27%
Magic:  8/8        EV:  7    Int: 16    God:    Ignis [*****.]
Gold:   203        SH:  0    Dex:  8    Spells: 8/8 levels left

rFire   + . .      SeeInvis .   a - +1 war axe (vorpal)
rCold   . . .      Faith    .   (no shield)
rNeg    . . .      Spirit   .   f - +0 chain mail
rPois   .          Reflect  .   (helmet restricted)
rElec   .          Harm     .   (no cloak)
rCorr   .          Rampage  .   (no gloves)
Will    .....                   l - +0 pair of boots
Stlth   ..........              (no amulet)
HPRegen 0.17/turn               (no ring)
MPRegen 0.11/turn               (no ring)

@: no status effects
A: horns 2, demonic guardian 1, sturdy frame 1
a: Renounce Religion, Sea of Fire, Foxfire Swarm, Rising Flame


You were on level 4 of the Dungeon.
You worshipped Ignis.
Ignis was extremely pleased with you.
You visited 1 branch of the dungeon, and saw 4 of its levels.

You collected 203 gold pieces.

Inventory:

Hand Weapons
 a - a +1 vorpal war axe (weapon)
 b - a +0 hand axe of flaming
 c - a +2 short sword of draining
Armour
 f - a +0 chain mail (worn)
 l - a +0 pair of boots (worn)
Jewellery
 n - an amulet of reflection
Wands
 k - a wand of flame (23)
Scrolls
 o - 2 scrolls of teleportation
Potions
 d - a potion of curing {unknown}
 e - 2 potions of attraction {unknown}
 g - a potion of haste
 h - 2 potions of degeneration {unknown}
 i - 2 potions of magic {unknown}
 j - a potion of lignification
 m - 2 potions of might {unknown}
 p - a potion of cancellation {unknown}
 q - a potion of heal wounds {unknown}


   Skills:
 - Level 3.0 Fighting
 * Level 7.8 Axes
 - Level 1.0 Spellcasting
 - Level 2.6 Fire Magic


You had 8 spell levels left.
You didn't know any spells.
Your spell library contained the following spells:

 Spells                   Type           Power      Damage    Failure   Level
 Scorch                   Fire           18%        2d6       75%         2
 Ensorcelled Hibernation  Hex/Ice        0%         N/A       98%         2
 Spider Form              Tmut/Pois      0%         N/A       100%        3


Dungeon Overview and Level Annotations

Branches:
Dungeon (4/15)             Temple (0/1) D:4

Altars:
Ru
Zin


Innate Abilities, Weirdness & Mutations

You have a pair of horns on your head.
A weak demonic guardian rushes to your aid.
Your movements are slightly less encumbered by armour. (ER -2)


Message History

The black bear claws you.
You take 21 damage, and have 17/52 hp.
MASSIVE DAMAGE!!
You are too injured to fight recklessly!
You are too injured to fight recklessly!
You closely miss the black bear.
The black bear is severely wounded.
You slash the orc!
You kill the orc!
The black bear bites you but does no damage.
The black bear closely misses you. The black bear claws you.
* * * LOW HITPOINT WARNING * * *
You take 2 damage, and have 15/52 hp.
The hound barks!
You hit the black bear but do no damage.
You headbutt the black bear!
The black bear is almost dead.
The black bear bites you.
* * * LOW HITPOINT WARNING * * *
The black bear claws you.
* * * LOW HITPOINT WARNING * * *
The black bear barely misses you. The black bear completely misses you.
The black bear closely misses you. The black bear barely misses you.
You take 2 damage, and have 13/52 hp.
You hit the black bear but do no damage.
The black bear is almost dead.
The black bear closely misses you. x2; The black bear claws you.
* * * LOW HITPOINT WARNING * * *
A demonic guardian appears!
The hound bites you but does no damage.
You take 6 damage, and have 7/52 hp.
Okay, then.
You barely miss the black bear.
The black bear is almost dead.
You slash the hound! The black bear bites you.
* * * LOW HITPOINT WARNING * * *
The black bear claws you but does no damage. x2
The hound bites you but does no damage. The black bear bites you.
* * * LOW HITPOINT WARNING * * *
The black bear claws you but does no damage. x2
The hound bites you.
You die...

##.##.#
#.......# #..#.#
#..#######
##.#.#
#.........
#.[.####........
##..#.......####
#..#.###...#
#..#...[...#
#..######..#
#..#..h@5..#
##>..#h##..# ###
#. #..# #. #..#
#. ...# .. ..##
## ###


You could see a black bear (berserk, ally target), a hound and a friendly shadow
imp (summoned).

Vanquished Creatures
  Grinder (D:3)
  A necrophage (D:4)
  2 scorpions (D:4)
  A hound (D:4)
  An orc priest (D:4)
  An iguana (D:4)
  Jessica (D:3)
  2 hound skeletons
  3 adders
  A worm (D:3)
  7 orcs (D:4)
  5 ball pythons
  8 endoplasms
  3 giant cockroaches
  5 goblins
  7 hobgoblins
  5 jackals
  6 kobolds
  5 quokkas
  6 bats
  2 frilled lizards (D:3)
  4 rats
77 creatures vanquished.

Notes
Turn   | Place    | Note
-------+----------+-------------------------------------------
     0 | D:1      | gimp the Demonspawn Cinder Acolyte began the quest for the
                  | Orb.
     0 | D:1      | Reached XP level 1. HP: 18/18 MP: 2/2
   146 | D:1      | Reached skill level 3 in Axes
   556 | D:1      | Gained mutation: Your movements are slightly less
                  | encumbered by armour. (ER -2) [demonic ancestry]
   556 | D:1      | Reached XP level 2. HP: 23/24 MP: 3/3
  1210 | D:2      | Gained mutation: You have a pair of small horns on your
                  | head. [demonic ancestry]
  1210 | D:2      | Reached XP level 3. HP: 27/29 MP: 4/4
  1717 | D:2      | Reached skill level 4 in Axes
  1878 | D:2      | Found a faded altar of an unknown god.
  1993 | D:3      | Identified a scroll of acquirement
  1993 | D:3      | Acquired a +1 vorpal war axe
  2479 | D:3      | Noticed Jessica
  2489 | D:3      | Killed Jessica
  2490 | D:3      | Gained mutation: You have a pair of horns on your head.
                  | [demonic ancestry]
  2490 | D:3      | Reached XP level 4. HP: 28/35 MP: 5/5
  2652 | D:3      | Noticed Grinder
  2668 | D:3      | Paralysed by Grinder for 7 turns
  2677 | D:3      | Paralysed by Grinder for 3 turns
  2680 | D:3      | Killed Grinder
  2681 | D:3      | Reached skill level 6 in Axes
  2681 | D:3      | Reached XP level 5. HP: 29/41 MP: 6/6
  2681 | D:3      | Reached XP level 6. HP: 34/47 MP: 7/7
  2967 | D:3      | Found a sacrificial altar of Ru.
  3213 | D:4      | Found a staircase to the Ecumenical Temple.
  3439 | D:4      | Reached skill level 7 in Axes
  3567 | D:4      | Gained mutation: A weak demonic guardian rushes to your
                  | aid. [demonic ancestry]
  3567 | D:4      | Reached XP level 7. HP: 52/52 MP: 8/8
  3863 | D:4      | HP: 1/52 [black bear (4)]
  3863 | D:4      | Slain by a hound

Illustrated notes

Levels and vault maps discovered:
D:1:      heliophobic_arrival_dark_side_of_the_moon, layout_basic
D:2:      cheibrodos_greedy_goblins, layout_rooms,
          shapermc_ecumenical_altar_pompeii, supply_closet_lemuel
D:3:      layout_loops_ring, lemuel_coloured_pillars_altar, zin_statuary,
          uniq_grinder, uniq_jessica
D:4:      layout_basic, minmay_temple_entry_stoned_glass

Skill      XL: |  1  2  3  4  5  6 |
---------------+-------------------+-----
Axes           | 3 4 6 7 |  7.8
Fighting       | |  3.0
Spellcasting   | |  1.0
Fire Magic     | |  2.6

Action                   |  1- 3 |  4- 6 |  7- 9 || total
-------------------------+-------+-------+-------++-------
Melee: Hand axe          |     7 |       |       ||     7
       Short sword       |    99 |     8 |       ||   107
       Headbutt          |     5 |     5 |     5 ||    15
       War axe           |       |    63 |    32 ||    95
Evoke: Wand              |       |     2 |       ||     2
  Use: Scroll            |     6 |     1 |       ||     7
Armor: Robe              |     5 |       |       ||     5
       Ring mail         |    27 |       |       ||    27
       Chain mail        |     9 |    42 |    24 ||    75
Dodge: Dodged            |    52 |    29 |    22 ||   103

Table legend: (Time is in decaauts)
 A = Elapsed time spent in this place.
 B = Non-inter-level travel time spent in this place.
 C = Inter-level travel time spent in this place.
 D = Time resting spent in this place.
 E = Time spent auto-exploring this place.
 F = Levels seen in this place.
 G = Mean time per level.
                   A        B        C        D        E       F      G
               +--------+--------+--------+--------+--------+-----+--------+
         Total |   3888 |   3728 |    160 |      0 |   3174 |   4 |  972.0 |
       Dungeon |   3888 |   3728 |    160 |      0 |   3174 |   4 |  972.0 |
               +--------+--------+--------+--------+--------+-----+--------+

Top non-repeatable levels by time:
     D:3: 1260 daAuts
     D:1: 1078 daAuts
     D:2: 847 daAuts
     D:4: 701 daAuts
